 Dungeon Crawl Stone Soup version 0.30-a0-1016-gfb0d676c02 (webtiles) character file.

Game seed: 17173315429587273901

13 Newt the Shooter (level 2, 0/19 HPs)
             Began as a Kobold Hunter on Apr 6, 2023.
             Constricted to death by a ball python (1 damage)
             ... on level 2 of the Dungeon.
             The game lasted 00:00:26 (749 turns).

Newt the Shooter (Kobold Hunter)                     Turns: 749, Time: 00:00:27

Health: 0/19       AC:  3    Str:  8    XL:     2   Next: 50%
Magic:  2/2        EV: 11    Int: 10    God:
Gold:   48         SH:  0    Dex: 18    Spells: 1/1 levels left

rFire   . . .      SeeInvis .    a - +0 shortbow
rCold   . . .      Faith    .    (shield currently unavailable)
rNeg    . . .      Spirit   .    c - +0 leather armour
rPois   .          Reflect  .    (no helmet)
rElec   .          Rampage  .    (no cloak)
rCorr   .                        (no gloves)
Will    .....                    (no boots)
Stlth   +++                      (no amulet)
HPRegen 0.23/turn                (no ring)
MPRegen 0.08/turn                (no ring)

@: lethally poisoned (0 -> -3), constricted
A: small, no large weapons, nightstalker 3
a: no special abilities


You were on level 2 of the Dungeon.
You visited 1 branch of the dungeon, and saw 2 of its levels.

You collected 48 gold pieces.

Inventory:

Hand Weapons
 a - a +0 shortbow (weapon)
Armour
 c - a +0 leather armour (worn)
Scrolls
 b - a scroll of immolation
 d - a scroll of identify


   Skills:
 + Level 3.3 Fighting
 - Level 5.3 Ranged Weapons
 - Level 2.4 Dodging
 - Level 1.3 Stealth


You had one spell level left.
You didn't know any spells.
Your spell library was empty.

Dungeon Overview and Level Annotations

Branches:
Dungeon (2/15)

Altars:


Innate Abilities, Weirdness & Mutations

You are small and have problems with some larger weapons.
You are completely attuned to the shadows.


Message History

The ball python barely misses you. The ball python closely misses you.
The adder bites you.
You are poisoned.
The adder poisons you!
You shoot an arrow. The arrow hits the adder!
The adder is severely wounded.
You feel very sick. The adder bites you but does no damage.
The ball python misses you. The ball python barely misses you.
The adder barely misses you. The ball python misses you.
The ball python barely misses you.
You shoot an arrow.
The arrow hits the adder but does no damage.
The adder is severely wounded.
You feel sick. The adder bites you.
You are more poisoned.
The adder poisons you!
The ball python bites you but does no damage.
The ball python grabs you. The ball python constricts you.
You shoot an arrow. The arrow closely misses the adder.
You feel sick. The adder bites you.
* * * LOW HITPOINT WARNING * * *
The ball python bites you.
* * * LOW HITPOINT WARNING * * *
The ball python constricts you.
* * * LOW HITPOINT WARNING * * *
The adder barely misses you.
The ball python bites you but does no damage.
The ball python constricts you.
Unknown command.
You aren't carrying any potions.
You aren't carrying any potions.
You aren't carrying any potions.
You shoot an arrow.
The arrow hits the adder but does no damage.
The adder is heavily wounded.
* * * LOW HITPOINT WARNING * * *
You feel sick. The adder bites you but does no damage.
The ball python bites you but does no damage.
The ball python constricts you.
You die...

#.#.#.#
###......
.........
....=....
....@S...
.....S...
.........
......†..
.........
.........
....<....
##.....#.
#######


You could see an adder and a ball python.

Vanquished Creatures
  A ball python (D:1)
  An endoplasm (D:1)
  2 hobgoblins
  A quokka (D:1)
  2 bats (D:1)
  A frilled lizard (D:1)
  3 goblins (D:1)
  A rat (D:1)
12 creatures vanquished.

Notes
Turn   | Place    | Note
-------+----------+-------------------------------------------
     0 | D:1      | Newt the Kobold Hunter began the quest for the Orb.
     0 | D:1      | Reached XP level 1. HP: 12/12 MP: 1/1
   488 | D:1      | Reached XP level 2. HP: 18/18 MP: 2/2
   749 | D:2      | Constricted to death by a ball python

Illustrated notes

Levels and vault maps discovered:
D:1:      onia_arrival_pentagram, layout_basic, interstate_on_off,
          chequers_serial_rivers_room_b, kennysheep_decorative_pillar
D:2:      layout_rooms, minmay_misc_feat_nine_boxes

Skill      XL: |  1  2 |
---------------+-------+-----
Fighting       | 3 |  3.3
Ranged Weapons | |  5.3
Dodging        | |  2.4
Stealth        | |  1.3

Action                     || total
---------------------------++-------
   Fire: Shortbow          ||    33
    Use: Scroll            ||     1
 Armour: Leather armour    ||     7
  Dodge: Dodged            ||    15

Table legend: (Time is in decaauts)
 A = Elapsed time spent in this place.
 B = Non-inter-level travel time spent in this place.
 C = Inter-level travel time spent in this place.
 D = Time resting spent in this place.
 E = Time spent auto-exploring this place.
 F = Levels seen in this place.
 G = Mean time per level.
                   A        B        C        D        E       F      G
               +--------+--------+--------+--------+--------+-----+--------+
         Total |    760 |    747 |     13 |      0 |    682 |   2 |  380.0 |
       Dungeon |    760 |    747 |     13 |      0 |    682 |   2 |  380.0 |
               +--------+--------+--------+--------+--------+-----+--------+

Top non-repeatable levels by time:
     D:1: 739 daAuts
     D:2: 21 daAuts
